 Dungeon Crawl Stone Soup version 0.13-a0-2505-g5f0fbe2 (webtiles) character file.

234 Juliette the Digger (level 5, -3/28 HPs)
             Began as a Gargoyle Earth Elementalist on July 23, 2013.
             Killed from afar by an orc wizard (8 damage)
             ... with a magic dart
             ... on Level 3 of the Dungeon.
             The game lasted 00:21:36 (2327 turns).

Juliette the Digger (Gargoyle Earth Elementalist)   Turns: 2327, Time: 00:21:36

HP  -3/28        AC 12     Str 11      XL: 5   Next: 29%
MP   6/11        EV 10     Int 17      God:
Gold 87          SH  0     Dex 10      Spells:  2 memorised,  8 levels left

Res.Fire  : . . .   See Invis. : +   b - 14 stones
Res.Cold  : . . .   Warding    : .   i - +0 orc leather armour
Life Prot.: + . .   Conserve   : .   (no shield)
Res.Poison: +       Res.Corr.  : .   (no helmet)
Res.Elec. : +       Clarity    : .   c - +1 cloak
Sust.Abil.: . .     Spirit.Shd : .   (no gloves)
Res.Mut.  : +       Stasis     : .   (no boots)
Res.Rott. : +       Flight     : .   l - amulet of resist mutation {unknown}
Saprovore : . . .                    (no ring)
                                     k - ring of see invisible

@: confused, slightly resistant to hostile enchantments, very unstealthy
A: fangs 1, talons 2, life protection 1, electricity resistance, slow metabolism
1, unbreathing, petrification resistance, AC +7
a: no special abilities


You were on level 3 of the Dungeon.
You were not hungry.

You visited 1 branch of the dungeon, and saw 3 of its levels.

You collected 67 gold pieces.

Inventory:

Hand weapons
 e - a +0,+0 club
 m - a +1,+2 whip
Missiles
 b - 14 stones (in hand)
Armour
 c - a +1 cloak (worn)
 i - a +0 orcish leather armour (worn)
Comestibles
 a - a bread ration
 f - 3 chokos
Scrolls
 g - 2 scrolls of random uselessness {unknown}
 h - 4 scrolls of identify {unknown}
 j - a scroll of remove curse {unknown}
 n - 2 scrolls of amnesia {unknown}
 o - a scroll of curse weapon {unknown}
 p - a scroll of blinking {unknown}
 q - a scroll of enchant weapon I {unknown}
 r - a scroll of recharging {unknown}
Jewellery
 k - a ring of see invisible (left hand)
 l - an amulet of resist mutation (around neck) {unknown}
Books
 d - a book of Geomancy

   Spells                             Type                      Level
   *Sandblast                         Earth                        1
   *Stoneskin                         Transmutation/Earth          2
   Passwall                           Transmutation/Earth          3
   Stone Arrow                        Conjuration/Earth            3
   Petrify                            Transmutation/Earth          4
   Lee's Rapid Deconstruction         Earth                        5


   Skills:
 - Level 2.0 Dodging
 - Level 2.1 Stealth
 + Level 3.7 Spellcasting
 - Level 0.7 Transmutations
 - Level 5.0 Earth Magic


You had 8 spell levels left.
You knew the following spells:

 Your Spells              Type           Power        Failure   Level  Hunger
a - Sandblast             Erth           ###...       2%          1    None
b - Stoneskin             Trmt/Erth      ##........   10%         2    ##.....


Dungeon Overview and Level Annotations

Branches:
Dungeon (3/27)

Altars:


Innate Abilities, Weirdness & Mutations

You are resistant to torment.
You are immune to poison.
Your stone body is very resilient (AC +7).
You have very sharp teeth.
You have razor-sharp toenails.
You resist negative energy.
You are resistant to electric shocks.
You have a slow metabolism.
You can survive without breathing.
You are immune to petrification.


Message History

Press: ? - help, Shift-Dir - straight line, f/p - orc wizard
Aim: an orc wizard, wielding an orcish dagger and wearing an orcish robe (heavily wounded, slightly transparent)
The rocky blast hits the orc wizard.
The orc wizard is heavily wounded.
The orc wizard hits you but does no damage.
The orc hits you but does no damage. The orc wizard casts a spell at you.
The puff of flame hits you!
* * * LOW HITPOINT WARNING * * *
The orc wizard points at you and mumbles some strange words.
You are confused.
The orc wizard gestures at you while chanting.
You resist. The orc wizard casts a spell at you. The magic dart hits you!
* * * LOW HITPOINT WARNING * * *
Ouch!
The orc wizard gestures at you while chanting.
The magic dart hits you!
You die...

############# #####
........<...######...#
###########..%@...)..##########
#####.........)......
#.#########.#####
#.....####...####
#o###............ #o#
######...#### #o# #........#
#o# #.#####..# ### ##o###.#
#..#


You could see an orc priest, an orc wizard and 3 orcs.

Vanquished Creatures
  Sigmund (D:2)
  2 adders (D:2)
  5 giant geckos
  3 orcs (D:3)
  A ball python (D:2)
  A giant cockroach (D:1)
  6 goblins
  7 hobgoblins
  7 jackals
  4 bats
  2 giant newts
  A kobold (D:1)
  8 rats
48 creatures vanquished.

Notes
Turn   | Place    | Note
--------------------------------------------------------------
     0 | D:1      | Juliette, the Gargoyle Earth Elementalist, began the quest for the Orb.
     0 | D:1      | Reached XP level 1. HP: 10/10 MP: 3/3
   211 | D:1      | Reached XP level 2. HP: 15/15 MP: 4/4
   773 | D:1      | Reached skill level 5 in Earth Magic
   773 | D:1      | Reached XP level 3. HP: 19/19 MP: 3/5
   802 | D:1      | Learned a level 2 spell: Stoneskin
  1283 | D:2      | Noticed Sigmund
  1370 | D:2      | Killed Sigmund
  1370 | D:2      | Reached XP level 4. HP: 17/24 MP: 1/9
  1370 | D:2      | Reached XP level 5. HP: 19/28 MP: 1/11
  2327 | D:3      | Killed from afar by an orc wizard

Action                   |  1- 3 |  4- 6 || total
-------------------------+-------+-------++-------
Melee: Unarmed           |    22 |       ||    22
       Club              |     6 |       ||     6
       Whip              |     6 |    14 ||    20
 Cast: Sandblast         |    46 |    28 ||    74
       Stoneskin         |     3 |     3 ||     6
  Use: Potion            |     2 |       ||     2
